 Dungeon Crawl Stone Soup version 0.31-a0-237-g2d982f9f85 (webtiles) character file.

Game seed: 17222008062309860946

345 qw the Shooter (level 6, -1/52 HPs)
             Began as a Minotaur Hexslinger on July 11, 2023.
             Slain by a gnoll
             ... wielding a +0 halberd
              (13 damage)
             ... on level 4 of the Dungeon.
             The game lasted 00:01:26 (3260 turns).

qw the Shooter (Minotaur Hexslinger)                Turns: 3260, Time: 00:01:27

Health: -1/52      AC:  6    Str: 18    XL:     6   Next: 32%
Magic:  6/6        EV: 11    Int: 10    God:
Gold:   246        SH:  0    Dex: 15    Spells: 6/7 levels left

rFire   . . .        Y - +2 sling (chaos)
rCold   . . .        (no shield)
rNeg    . . .        h - +0 ring mail
rPois   .            (helmet restricted)
rElec   .            (no cloak)
rCorr   .            k - +0 pair of gloves
SInv    .            (no boots)
Will    .....        (no amulet)
Stlth   +            c - +6 ring of strength
HPRegen 0.28/turn    (no ring)
MPRegen 0.10/turn

%: no passive effects
@: no status effects
A: horns 2, retaliatory headbutt
a: no special abilities


You were on level 4 of the Dungeon.
You visited 1 branch of the dungeon, and saw 4 of its levels.

You collected 246 gold pieces.


Innate Abilities, Weirdness & Mutations

You have a pair of horns on your head.
You reflexively headbutt those who attack you in melee.


   Skills:
 - Level 4.0 Fighting
 + Level 6.4 Ranged Weapons
 - Level 1.0 Armour
 - Level 2.1 Dodging
 - Level 1.0 Spellcasting
 - Level 2.0 Hexes


You had 6 spell levels left.
You knew the following spells:

 Your Spells              Type           Power      Damage    Failure   Level
a - Slow                  Hex            16%        N/A       26%         1

Your spell library contained the following spells:

 Spells                   Type           Power      Damage    Failure   Level
 Inner Flame              Hex/Fire       2%         N/A       77%         3
 Portal Projectile        Hex/Tloc       4%         N/A       77%         3
 Cause Fear               Hex            2%         N/A       95%         4

Inventory:

Hand Weapons
 Y - a +2 sling of chaos (weapon)
Armour
 h - a +0 ring mail (worn)
 k - a +0 pair of gloves (worn)
Jewellery
 c - a +6 ring of strength (left hand)
Scrolls
 g - 3 scrolls of identify
Potions
 a - a potion of heal wounds {unknown}
 b - a potion of haste {unknown}
 d - a potion of attraction {unknown}
 e - a potion of curing {unknown}
 f - a potion of resistance {unknown}
 i - a potion of degeneration {unknown}
 l - a potion of mutation {unknown}

Dungeon Overview and Level Annotations

Branches:
Dungeon (4/15)
 Temple: D:4-7

Altars:
Makhleb
Vehumet
Xom
Yredelemnul


Message History

The sling bullet burns the hobgoblin.
The hobgoblin is severely wounded.
The hobgoblin closely misses you. The gnoll closely misses you.
You shoot a sling bullet.
The sling bullet hits the hobgoblin but does no damage.
The hobgoblin is poisoned.
The hobgoblin is severely wounded.
You kill the hobgoblin!
The gnoll hits you from afar with a +0 halberd.
You shoot a sling bullet. The sling bullet hits the kobold!
The sling bullet burns the kobold.
You kill the kobold!
The gnoll hits you from afar with a +0 halberd.
The gnoll closely misses you.
You shoot a sling bullet. The sling bullet hits the kobold.
You kill the kobold!
The gnoll misses you.
The gnoll hits you from afar with a +0 halberd.
The gnoll hits you from afar with a +0 halberd!
The gnoll closely misses you.
You shoot a sling bullet.
The sling bullet barely misses the kobold.
The gnoll hits you from afar with a +0 halberd. x2
The kobold hits you with a +0 whip.
You shoot a sling bullet.
The sling bullet completely misses the kobold.
The kobold hits you but does no damage.
The gnoll hits you from afar with a +0 halberd.
The gnoll hits you from afar with a +0 halberd!
The kobold closely misses you.
You shoot a sling bullet. The sling bullet hits the kobold.
The kobold is poisoned.
The kobold is moderately wounded.
The kobold misses you. The gnoll barely misses you.
The gnoll closely misses you. The kobold misses you.
You shoot a sling bullet. The sling bullet hits the kobold.
You feel better.
You kill the kobold!
The kobold hits you but does no damage. The gnoll misses you.
The gnoll hits you from afar with a +0 halberd!
You die...

#.~.~~.~~~.~.~~~.~.~~.~~~~~
#~~~~~~~~~~~~~~~~~~~~~~~~~~
#~~~~~~~~~~~~~~~~~~~~~~~~~~
#~~~~~~~#####~~~~~~~~~~~~~~
#~~~~~~~#$$$###############
#~~~~~~~#$$$#......## ##...
ggg#.......###....
#K##........#.....
#@).........#.....
#...........'.....
#.).........#.....
##)##........#.....
#.).#.......###....
#...#.)....## ##...
#...######## #### #####


You could see 3 gnolls and a kobold.

Vanquished Creatures
  A crimson imp (D:3)
  3 hounds
  4 gnolls
  5 adders
  A worm (D:3)
  2 dart slugs
  10 ball pythons
  4 bats
  9 endoplasms
  A giant cockroach (D:2)
  29 goblins
  24 hobgoblins
  6 kobolds
  9 quokkas
  A frilled lizard (D:3)
  7 rats
  A spectral orc (D:4)
117 creatures vanquished.

Vanquished Creatures (others)
  A ball python zombie (D:3)
1 creature vanquished.

Grand Total: 118 creatures vanquished

Notes
Turn   | Place    | Note
-------+----------+-------------------------------------------
     0 | D:1      | qw the Minotaur Hexslinger began the quest for the Orb.
     0 | D:1      | Reached XP level 1. HP: 16/16 MP: 1/1
     0 | D:1      | 0 ||| qw: Version: 0.3-a-52-g30416fa
     0 | D:1      | 0 ||| qw: Game counter: 5647
     0 | D:1      | 0 ||| qw: Melee chars always use a shield: true
     0 | D:1      | 0 ||| qw: God list: Okawaru
     0 | D:1      | 0 ||| qw: Allow faded altars: false
     0 | D:1      | 0 ||| qw: Do Orc after clearing Dungeon:15 true
     0 | D:1      | 0 ||| qw: Do second Lair branch before Depths: true
     0 | D:1      | 0 ||| qw: Lair rune preference: random
     0 | D:1      | 0 ||| qw: Goals: Normal
     0 | D:1      | 0 ||| PLANNING D:1-11
   173 | D:1      | Found a faded altar of an unknown god.
   244 | D:1      | Reached skill level 3 in Ranged Weapons
   286 | D:1      | Reached XP level 2. HP: 22/23 MP: 2/2
   570 | D:1      | 570 ||| UPGRADING to +0 ring mail.
   580 | D:1      | 580 ||| DROPPING +0 robe.
   581 | D:1      | 581 ||| UPGRADING to +0 pair of gloves.
   586 | D:1      | 586 ||| READING scroll labelled FITZURO KURAUL.
   587 | D:1      | 587 ||| READING scroll labelled CEXITOGUHU.
   588 | D:1      | 588 ||| READING scroll labelled TIFFUI DOFUE.
   589 | D:1      | 589 ||| READING scroll labelled NOMNIS MAEMEOZ.
   590 | D:1      | 590 ||| READING 3 scrolls labelled SETWER VIDD.
   591 | D:1      | 591 ||| DRINKING 4 cyan potions.
   592 | D:1      | 592 ||| DROPPING scroll of poison.
   593 | D:1      | 593 ||| DROPPING 3 potions of brilliance.
   594 | D:1      | 594 ||| DROPPING 2 scrolls of fear.
   705 | D:2      | Reached XP level 3. HP: 29/29 MP: 3/3
   801 | D:2      | Reached skill level 4 in Ranged Weapons
   887 | D:2      | Reached skill level 1 in Armour
   963 | D:2      | Found a shimmering altar of Xom.
  1260 | D:2      | 1260 ||| READING scroll labelled OMUNICS VAIRESE.
  1261 | D:2      | 1261 ||| READING scroll labelled JUIJOTWI EBIUFF.
  1262 | D:2      | 1262 ||| READING scroll labelled ODUINW BAYREASK.
  1316 | D:3      | Reached XP level 4. HP: 36/36 MP: 4/4
  1518 | D:3      | Reached skill level 5 in Ranged Weapons
  1520 | D:3      | Reached XP level 5. HP: 41/44 MP: 5/5
  1524 | D:3      | Reached skill level 3 in Fighting
  1875 | D:3      | 1875 ||| READING scroll of brand weapon.
  1875 | D:3      | 1875 ||| BRANDING +1 sling of flaming.
  2038 | D:3      | Found a radiant altar of Vehumet.
  2038 | D:3      | Found a burning altar of Makhleb.
  2039 | D:3      | 2039 ||| FLEEEEING.
  2041 | D:3      | 2041 ||| FLEEEEING.
  2042 | D:3      | 2042 ||| FLEEEEING.
  2043 | D:3      | 2043 ||| FLEEEEING.
  2044 | D:3      | 2044 ||| FLEEEEING.
  2085 | D:3      | 2085 ||| UPGRADING to +6 ring of strength.
  2086 | D:3      | 2086 ||| READING scroll labelled BEUCEA WIANOA.
  2090 | D:3      | 2090 ||| READING scroll labelled PUACRA JEOSI.
  2499 | D:4      | Found a basalt altar of Yredelemnul.
  2553 | D:4      | 2553 ||| Stepping ~*~*~tactically~*~*~ (outnumbered).
  2557 | D:4      | 2557 ||| Stepping ~*~*~tactically~*~*~ (outnumbered).
  2560 | D:4      | 2560 ||| Stepping ~*~*~tactically~*~*~ (outnumbered).
  2562 | D:4      | 2562 ||| Stepping ~*~*~tactically~*~*~ (outnumbered).
  2615 | D:4      | Reached skill level 6 in Ranged Weapons
  2903 | D:4      | Reached XP level 6. HP: 51/51 MP: 6/6
  2908 | D:4      | 2908 ||| FLEEEEING.
  2912 | D:4      | 2912 ||| Stepping ~*~*~tactically~*~*~ (water).
  3130 | D:4      | 3130 ||| FLEEEEING.
  3258 | D:4      | HP: 10/52 [gnoll/+0 halberd (7)]
  3260 | D:4      | Slain by a gnoll

Levels and vault maps discovered:
D:1:      evilmike_arrival_fibonacci_small, layout_basic,
          hellmonk_ecumenical_altar_inner_sanctum
D:2:      layout_basic, basic_altar
D:3:      layout_basic, grunt_temple_overflow_lords_of_destruction,
          cheibrodos_gnoll_hut
D:4:      minmay_goblin_kobold_castle, layout_basic,
          yredelemnul_forgotten_temple_becter

Skill      XL: |  1  2  3  4  5  6 |
---------------+-------------------+-----
Ranged Weapons | 3 4 5 6 |  6.4
Fighting       | 2 3 4 |  4.0
Armour         | 1 |  1.0
Dodging        | |  2.1
Spellcasting   | |  1.0
Hexes          | |  2.0

Action                     |  1- 3 |  4- 6 || total
---------------------------+-------+-------++-------
   Fire: Sling             |   114 |   175 ||   289
    Use: Scroll            |     8 |     3 ||    11
         Potion            |     1 |       ||     1
 Armour: Ring mail         |    13 |    30 ||    43
         Robe              |     3 |       ||     3
  Dodge: Dodged            |    28 |    83 ||   111

Table legend:
 A = Non-vault XP
 B = Vault XP
 C = Vault XP percentage of total XP
 D = Non-vault monster count
 E = Vault monster count
 F = Vault count percentage of total count
                 A         B        C        D         E       F
            +---------+---------+-------+---------+---------+-------
      Total |     222 |     273 |  55.2 |      66 |      51 |  43.6
            +---------+---------+-------+---------+---------+-------
        D:1 |      26 |       0 |   0.0 |      13 |       0 |   0.0
        D:2 |      62 |       0 |   0.0 |      23 |       0 |   0.0
        D:3 |      62 |     145 |  70.0 |      21 |       4 |  16.0
        D:4 |      72 |     128 |  64.0 |       9 |      47 |  83.9
            +---------+---------+-------+---------+---------+-------
